 Dungeon Crawl Stone Soup version 0.30.0-16-gbe6223bb7e (webtiles) character file.

Game seed: 1131142423751122725

74 avis the Chopper (level 4, -1/39 HPs)
             Began as a Hill Orc Fighter on May 20, 2023.
             Slain by a gnoll sergeant
             ... wielding a +0 spear
              (2 damage)
             ... on level 3 of the Dungeon.
             The game lasted 00:13:40 (2669 turns).

avis the Chopper (Hill Orc Fighter)                 Turns: 2669, Time: 00:13:41

Health: -1/39      AC: 13    Str: 26    XL:     4   Next: 30%
Magic:  4/4        EV:  8    Int:  8    God:
Gold:   144        SH:  4    Dex: 10    Spells: 3/3 levels left

rFire   . . .        a - +0 war axe
rCold   . . .        c - +0 buckler
rNeg    . . .        n - +0 chain mail
rPois   .            (no helmet)
rElec   .            o - +0 cloak
rCorr   .            r - +2 pair of gloves {Stlth+}
SInv    .            (no boots)
Will    .....        (no amulet) Stlth
                     q - +6 ring of strength
HPRegen 0.26/turn    (no ring)
MPRegen 0.09/turn

%: no passive effects
@: no status effects
A: no striking features
a: no special abilities


You were on level 3 of the Dungeon.
You visited 1 branch of the dungeon, and saw 4 of its levels.

You collected 144 gold pieces.

Inventory:

Hand Weapons
 a - a +0 war axe (weapon)
 b - a +0 sling
 e - a +2 short sword of freezing
 i - a +0 short sword of flaming
 m - a +2 spear of flaming
Missiles
 g - 8 poisoned darts (quivered)
 s - 5 boomerangs
Armour
 c - a +0 buckler (worn)
 n - a +0 chain mail (worn)
 o - a +0 cloak (worn)
 r - a +2 pair of gloves of stealth (worn)
Jewellery
 q - a +6 ring of strength (left hand)
 t - a ring of fire
Scrolls
 j - 4 scrolls of identify {unknown}
 l - a scroll of amnesia {unknown}
 u - a scroll of teleportation {unknown}
Potions
 d - a potion of might
 f - a potion of mutation {unknown}
 h - a potion of curing {unknown}
 k - a potion of brilliance {unknown}
 p - a potion of flight {unknown}
 v - a potion of degeneration {unknown}


   Skills:
 - Level 3.6 Fighting
 * Level 5.9 Axes
 - Level 3.2 Armour
 - Level 3.2 Shields


You had 3 spell levels left.
You didn't know any spells.
Your spell library contained the following spells:

 Spells                   Type           Power      Damage    Failure   Level
 Call Canine Familiar     Summ           0%         N/A       100%        3
 Dazzling Flash           Conj/Hex       0%         N/A       100%        3
 Portal Projectile        Hex/Tloc       0%         N/A       100%        3
 Leda's Liquefaction      Hex/Erth       0%         N/A       100%        4
 Agony                    Necr           0%         N/A       100%        5
 Silence                  Hex/Air        0%         N/A       100%        5


Dungeon Overview and Level Annotations

Branches:
Dungeon (4/15)
 Temple: D:4-7

Altars:
Xom


Message History

* * * LOW HITPOINT WARNING * * *
You hit the gnoll sergeant.
The gnoll sergeant is heavily wounded.
The gnoll sergeant hits you but does no damage.
You aren't carrying any items that you can evoke.
Okay, then.
You hit the gnoll sergeant but do no damage.
The gnoll sergeant is heavily wounded.
The gnoll sergeant hits you but does no damage.
The gnoll sergeant closely misses you.
You barely miss the gnoll sergeant.
The gnoll sergeant is moderately wounded.
The gnoll sergeant closely misses you.
Okay, then.
Okay, then.
You barely miss the gnoll sergeant.
The gnoll sergeant is moderately wounded.
You block the gnoll sergeant's attack.
You hit the gnoll sergeant.
The gnoll sergeant is heavily wounded.
The gnoll sergeant hits you with a +0 spear.
* * * LOW HITPOINT WARNING * * *
You barely miss the gnoll sergeant.
The gnoll sergeant is heavily wounded.
The gnoll sergeant hits you with a +0 spear.
* * * LOW HITPOINT WARNING * * *
You hit the gnoll sergeant.
The gnoll sergeant is heavily wounded.
The gnoll sergeant hits you with a +0 spear.
* * * LOW HITPOINT WARNING * * *
The gnoll sergeant hits you with a +0 spear.
* * * LOW HITPOINT WARNING * * *
You hit the gnoll sergeant but do no damage.
The gnoll sergeant is heavily wounded.
The gnoll sergeant hits you with a +0 spear.
* * * LOW HITPOINT WARNING * * *
You hit the gnoll sergeant.
The gnoll sergeant is heavily wounded.
The gnoll sergeant hits you with a +0 spear.
You die...

#.#...### #..<.# ##...#
#.###...###.#### #..###
.....##...#.#########.########
.....####......##........>...#
.....# ###.##.##............#
.....# #.##.#.............#
.....# ###'##.....).........#
...(.# #....#..g............#
.....# #....#..@............#
.....# #.####''####.........#
.....# #.# ♣..♣ ##.########
.....# #.# ♣♣..♣♣ ##.# .....#
#.#♣♣....♣♣#..# ######
#.+....≈...'.## #.+...≈....'.#
#.#♣♣....♣♣### #.# ♣♣..♣♣


You could see a gnoll sergeant.

Vanquished Creatures
  An adder (D:3)
  2 worms (D:3)
  A dart slug (D:1)
  2 orcs (D:3)
  7 bats
  6 endoplasms
  5 giant cockroaches
  4 goblins
  5 hobgoblins
  3 quokkas
  4 ball pythons
  4 kobolds
  6 rats
50 creatures vanquished.

Vanquished Creatures (others)
  5 dream sheep (D:3)
5 creatures vanquished.

Grand Total: 55 creatures vanquished

Notes
Turn   | Place    | Note
-------+----------+-------------------------------------------
     0 | D:1      | avis the Hill Orc Fighter began the quest for the Orb.
     0 | D:1      | Reached XP level 1. HP: 19/19 MP: 1/1
    19 | D:1      | Reached skill level 3 in Axes
    86 | D:1      | Reached XP level 2. HP: 26/26 MP: 2/2
   115 | D:1      | Reached skill level 4 in Axes
   353 | D:1      | Reached XP level 3. HP: 31/31 MP: 3/3
  1143 | D:2      | Reached skill level 5 in Axes
  2042 | D:3      | Noticed a dream sheep
  2042 | D:3      | Noticed a dream sheep
  2042 | D:3      | Noticed a dream sheep
  2042 | D:3      | Noticed a dream sheep
  2042 | D:3      | Noticed a dream sheep
  2042 | D:3      | Found a shimmering altar of Xom.
  2046 | D:3      | Killed a dream sheep
  2046 | D:3      | Killed a dream sheep
  2046 | D:3      | Killed a dream sheep
  2046 | D:3      | Killed a dream sheep
  2047 | D:3      | Killed a dream sheep
  2122 | D:3      | Reached XP level 4. HP: 39/39 MP: 4/4
  2647 | D:4      | Noticed a gnoll sergeant
  2668 | D:3      | HP: 1/39 [gnoll sergeant/+0 spear (2)]
  2669 | D:3      | Slain by a gnoll sergeant

Illustrated notes

Levels and vault maps discovered:
D:1:      dpeg_arrival_tiny_b, layout_loops_ring, minmay_misc_feat_room
D:2:      layout_basic, item_on_display_a
D:3:      layout_basic, kb_xom_exploding_sheep, dreamdust_wishing_well,
          kennysheep_generic_room_4
D:4:      layout_basic, kennysheep_mini_moat, marbit_many_paths, serial_shops,
          shop, minmay_bent, uniq_grinder

Skill      XL: |  1  2  3 |
---------------+----------+-----
Axes           | 3 4 5 |  5.9
Fighting       | |  3.6
Armour         | |  3.2
Shields        | |  3.2

Action                     |  1- 3 |  4- 6 || total
---------------------------+-------+-------++-------
  Melee: War axe           |   142 |    34 ||   176
 Armour: Scale mail        |    49 |       ||    49
         Chain mail        |    21 |    14 ||    35
  Dodge: Dodged            |    66 |     7 ||    73
  Block: Buckler           |    31 |     3 ||    34
